[Event "Titled Tuesday Blitz February 15 Late 2022"]
[White "Rosen, Eric"]
[Black "Wartiovaara, Oliver"]
[WhiteFideId "2032562"]
[BlackFideId "513024"]
[WhiteElo "2362"]
[BlackElo "1971"]
[Result "1-0"]
[Round "07"]
[TimeControl "180+1"]
[Date "2022.02.16"]
[WhiteClock "0:00:02"]
[BlackClock "0:00:10"]

1. d4 Nf6 2. Bf4 g6 3. Nc3 d5 4. e3 Bg7 5. h4 h5 6. Nf3 Bg4 7. Qd2 O-O 8. Ne5 Bf5 9. Bd3 Bxd3 10. cxd3 Nbd7 11. O-O Rc8 12. Rac1 c5 13. Nxd7 Qxd7 14. dxc5 Rxc5 15. d4 Rc6 16. Be5 Rfc8 17. f3 Bh6 18. Rc2 Ne8 19. Rfc1 e6 20. Nd1 Nd6 21. b3 Nf5 22. Rxc6 Rxc6 23. Bf6 Rxc1 24. Qxc1 Qc6 25. Qxc6 bxc6 26. Kf2 Bg7 27. Bxg7 Kxg7 28. g3 Kf6 29. Nc3 Ke7 30. Na4 Kd6 31. b4 Ne7 32. Nc5 Nc8 33. e4 Nb6 34. e5+ Kc7 35. Ke2 Nc4 36. g4 a5 37. bxa5 Nxa5 38. gxh5 gxh5 39. Nd3 Nc4 40. Nf4 c5 41. Kd3 Nb2+ 42. Kc3 Na4+ 43. Kb3 Nb6 44. dxc5 Nd7 45. Nxh5 Nxe5 46. f4 Nd7 47. Kb4 Kc6 48. Ng3 Nxc5 49. h5 Nd7 50. h6 Nf6 51. a4 Kb6 52. a5+ Ka6 53. Ne2 Ka7 54. Nd4 Ka6 55. Nc6 Kb7 56. Nd8+ Ka6 57. Nxf7 d4 58. Ne5 Ka7 59. Nc4 Ka6 60. Ka4 Nh7 61. Kb3 Kb5 62. Kc2 Nf6 63. Kd3 Kc5 64. a6 Kc6 65. Kxd4 1-0


[Site "https://www.chess.com"]

[Event "Titled Tuesday Blitz February 15 Late 2022"]
[White "Ruiz Aguilar, Pablo Alexander"]
[Black "Debray, Christopher"]
[WhiteFideId "4401352"]
[BlackFideId "630810"]
[WhiteElo "2125"]
[BlackElo "2369"]
[Result "0-1"]
[Round "07"]
[TimeControl "180+1"]
[Date "2022.02.16"]
[WhiteClock "0:00:10"]
[BlackClock "0:00:17"]

1. e4 e5 2. Nf3 Nf6 3. Nc3 Nc6 4. Bb5 Nd4 5. Bc4 Nxf3+ 6. Qxf3 Bc5 7. d3 d6 8. h3 h6 9. O-O O-O 10. Be3 Bb6 11. Bxb6 axb6 12. a3 Be6 13. Rad1 c6 14. Qe2 Re8 15. Bxe6 Rxe6 16. f4 exf4 17. Rxf4 d5 18. e5 d4 19. Nb1 Qd5 20. Re1 Rae8 21. Rf5 Nd7 22. c4 dxc3 23. Nxc3 Qd4+ 24. Qf2 Qxf2+ 25. Rxf2 Rxe5 26. Rxe5 Rxe5 27. Ne4 Nc5 28. Nd6 f6 29. d4 Re1+ 30. Rf1 Rxf1+ 31. Kxf1 Nd3 32. Nxb7 Nxb2 33. Nd8 Nc4 34. Nxc6 Nxa3 35. d5 Kf7 36. Ke2 Nb5 37. Kd3 Nd6 38. Kd4 Kg6 39. Ne7+ Kg5 40. g3 h5 41. Ke3 h4 42. g4 f5 43. gxf5 Nxf5+ 44. Nxf5 Kxf5 45. Kd4 g5 46. Kc4 Ke5 47. Kb5 Kxd5 48. Kxb6 g4 49. hxg4 h3 50. g5 h2 51. g6 h1=Q 52. g7 Qg1+ 53. Kc7 Qxg7+ 54. Kb6 Qd7 55. Ka5 Qb7 56. Ka4 Kc4 57. Ka3 Qb3# 0-1


[Site "https://www.chess.com"]

[Event "Titled Tuesday Blitz February 15 Late 2022"]
[White "Sadhwani, Raunak"]
[Black "Papasimakopoulos, Alexandros"]
[WhiteFideId "35093487"]
[BlackFideId "4244125"]
[WhiteElo "2616"]
[BlackElo "2340"]
[Result "1-0"]
[Round "07"]
[TimeControl "180+1"]
[Date "2022.02.15"]
[WhiteClock "0:01:16"]
[BlackClock "0:00:03"]

1. d4 f5 2. Bg5 c6 3. Nc3 Qb6 4. Rb1 d5 5. e3 Nd7 6. Nf3 Ngf6 7. Bd3 g6 8. O-O Bg7 9. Ne2 O-O 10. c4 h6 11. Bf4 Ne4 12. cxd5 cxd5 13. Nc3 e6 14. h3 g5 15. Bh2 a6 16. Qe2 Ndf6 17. Ne5 Bd7 18. f3 Nd6 19. Rbc1 Rac8 20. Kh1 Be8 21. Rc2 Nb5 22. Rfc1 Nxc3 23. Rxc3 Rxc3 24. Rxc3 Bb5 25. Bxb5 axb5 26. Nd3 b4 27. Rc2 b3 28. axb3 Qxb3 29. Be5 Qb5 30. Nc5 Qb6 31. Bxf6 Bxf6 32. Nd7 Qa5 33. Nxf8 Kxf8 34. Qd2 Qb5 35. Qe2 Qa5 36. Rc1 Be7 37. f4 gxf4 38. exf4 Qb6 39. Qh5 Kg7 40. Rc3 Qxd4 41. Rg3+ Kf8 42. Qxh6+ Ke8 43. Qxe6 Qa4 44. Rg8# 1-0


[Site "https://www.chess.com"]

[Event "Titled Tuesday Blitz February 15 Late 2022"]
[White "Sailer, Mike"]
[Black "Khater, Sherif"]
[WhiteFideId "2012901"]
[BlackFideId "2034280"]
[WhiteElo "2109"]
[BlackElo "2557"]
[Result "0-1"]
[Round "07"]
[TimeControl "180+1"]
[Date "2022.02.16"]
[WhiteClock "0:00:06"]
[BlackClock "0:00:17"]

1. d4 Nf6 2. Nf3 e6 3. Bf4 c5 4. e3 cxd4 5. exd4 d5 6. Bd3 a6 7. c3 Nc6 8. O-O Bd6 9. Bxd6 Qxd6 10. Re1 O-O 11. Ne5 h6 12. Nd2 b5 13. Ndf3 Bb7 14. Nxc6 Bxc6 15. Ne5 Nd7 16. f4 Rab8 17. a3 Nf6 18. f5 Ne4 19. fxe6 fxe6 20. Bxe4 dxe4 21. Nxc6 Qxc6 22. Qe2 Rf4 23. Rf1 Rbf8 24. Rxf4 Rxf4 25. Qe3 g5 26. Re1 Qc4 27. g3 Rf6 28. Qxe4 Qb3 29. Qe2 a5 30. Rf1 Rxf1+ 31. Kxf1 a4 32. Ke1 Kf7 33. Qd2 Qd5 34. Kd1 Qe4 35. Kc1 Kg6 36. Qf2 h5 37. h4 g4 38. Qd2 Qh1+ 39. Kc2 Qe4+ 40. Qd3 Kf5 41. Qxe4+ Kxe4 42. b3 axb3+ 43. Kxb3 Kf3 44. c4 bxc4+ 45. Kxc4 Kxg3 46. a4 Kh2 47. a5 g3 48. a6 g2 49. a7 g1=Q 50. a8=Q Qg4 51. Qa2+ Kh3 52. Qb3+ Kxh4 53. Qc2 Kg3 54. Qd3+ Kf2 55. Qd2+ Qe2+ 56. Qxe2+ Kxe2 57. d5 exd5+ 0-1


[Site "https://www.chess.com"]

[Event "Titled Tuesday Blitz February 15 Late 2022"]
[White "Saim, Mohamed Ilias"]
[Black "Desideri, Ricardo Maruchi"]
[WhiteFideId "7900465"]
[BlackFideId "2110440"]
[WhiteElo "2006"]
[BlackElo "1945"]
[Result "0-1"]
[Round "07"]
[TimeControl "180+1"]
[Date "2022.02.16"]
[WhiteClock "0:01:05"]
[BlackClock "0:01:08"]

1. d4 Nf6 2. Nf3 d6 3. e3 g6 4. Bd3 Bg7 5. O-O O-O 6. c4 Nc6 7. Nc3 e5 8. d5 Ne7 9. e4 a5 10. h3 Nh5 11. Be3 h6 12. Qd2 Kh7 13. Nh2 f5 14. exf5 Nxf5 15. Bxf5 gxf5 16. g4 Nf6 17. gxf5 Bxf5 18. f4 e4 19. h4 Rg8 20. Kh1 Nh5 21. Bf2 Bf6 22. Qe1 Nxf4 23. Nxe4 Nd3 24. Nxf6+ Qxf6 25. Qd2 Be4+ 26. Nf3 Bxf3+ 27. Kh2 Rg2+ 28. Kh3 Qf5# 0-1


[Site "https://www.chess.com"]

[Event "Titled Tuesday Blitz February 15 Late 2022"]
[White "Sarana, Alexey"]
[Black "Bok, Benjamin"]
[WhiteFideId "24133795"]
[BlackFideId "1017063"]
[WhiteElo "2665"]
[BlackElo "2658"]
[Result "1/2-1/2"]
[Round "07"]
[TimeControl "180+1"]
[Date "2022.02.15"]
[WhiteClock "0:00:52"]
[BlackClock "0:01:38"]

1. d4 d5 2. c4 c6 3. Nf3 Nf6 4. Nc3 e6 5. e3 Nbd7 6. Qc2 Bd6 7. Bd3 O-O 8. O-O dxc4 9. Bxc4 b5 10. Bd3 Bb7 11. e4 e5 12. dxe5 Nxe5 13. Nxe5 Bxe5 14. h3 Re8 15. Be3 a6 16. Rad1 Qe7 17. Ne2 Bd6 18. Nd4 g6 19. Nxc6 Bxc6 20. Qxc6 Rec8 21. Qb6 Bc7 22. Qd4 Be5 23. Qb6 Bc7 24. Qd4 Be5 25. Qb6 Bc7 1/2-1/2


[Site "https://www.chess.com"]

[Event "Titled Tuesday Blitz February 15 Late 2022"]
[White "Sargsyan, Anna M."]
[Black "Bluebaum, Matthias"]
[WhiteFideId "13308130"]
[BlackFideId "24651516"]
[WhiteElo "2271"]
[BlackElo "2550"]
[Result "0-1"]
[Round "07"]
[TimeControl "180+1"]
[Date "2022.02.15"]
[WhiteClock "0:01:31"]
[BlackClock "0:01:02"]

1. e4 c6 2. d4 d5 3. Nc3 dxe4 4. Nxe4 Nf6 5. Nxf6+ exf6 6. c3 Bd6 7. Bd3 O-O 8. Ne2 Re8 9. O-O Nd7 10. Qc2 Nf8 11. Be3 Be6 12. h3 Ng6 13. Rfe1 Qd7 14. Bxg6 hxg6 15. Nf4 Bf5 16. Qd2 g5 17. Nd3 Bxh3 18. gxh3 Qxh3 19. f3 Qxf3 20. Qf2 Qh3 21. Re2 Re4 22. Ne1 Rae8 23. Ng2 Rg4 24. Rae1 Bg3 25. Qf5 Bxe1 26. Kf1 Bh4 0-1


[Site "https://www.chess.com"]

[Event "Titled Tuesday Blitz February 15 Late 2022"]
[White "Sjugirov, Sanan"]
[Black "Mikhailov, Viacheslav"]
[WhiteFideId "4189302"]
[BlackFideId "4187369"]
[WhiteElo "2602"]
[BlackElo "2381"]
[Result "1-0"]
[Round "07"]
[TimeControl "180+1"]
[Date "2022.02.15"]
[WhiteClock "0:01:20"]
[BlackClock "0:00:02"]

1. e4 d6 2. d4 Nf6 3. Bd3 g6 4. Nf3 Bg7 5. O-O O-O 6. c3 Bg4 7. Nbd2 e5 8. h3 Bxf3 9. Nxf3 exd4 10. cxd4 Nc6 11. a3 Re8 12. Re1 Nd7 13. Bc2 a5 14. Bg5 Bf6 15. Bf4 Nb6 16. Bb3 a4 17. Ba2 d5 18. e5 Bg7 19. Qc2 Na5 20. Nd2 Qh4 21. Be3 Rac8 22. f4 Bh6 23. Rf1 Nc6 24. Nf3 Qh5 25. Rac1 Ne7 26. Qf2 Qf5 27. g4 Qd3 28. Rc3 Qb5 29. f5 Bxe3 30. Rxe3 Nc4 31. Bxc4 dxc4 32. Qh4 Nd5 33. f6 h5 34. Qg5 Kh7 35. Re4 Rh8 36. e6 c6 37. Ne5 Qxb2 38. exf7 Rcg8 39. fxg8=Q+ Rxg8 40. f7 1-0


[Site "https://www.chess.com"]

[Event "Titled Tuesday Blitz February 15 Late 2022"]
[White "Stanisz, Patryk"]
[Black "Mogranzini, Roberto"]
[WhiteFideId "1123106"]
[BlackFideId "810894"]
[WhiteElo "1876"]
[BlackElo "2469"]
[Result "0-1"]
[Round "07"]
[TimeControl "180+1"]
[Date "2022.02.16"]
[WhiteClock "0:00:04"]
[BlackClock "0:00:14"]

1. d4 Nf6 2. c4 d6 3. Nc3 e5 4. d5 a5 5. e4 Na6 6. Nge2 g6 7. Ng3 h5 8. h4 Bh6 9. Be2 Kf8 10. Qc2 Bxc1 11. Rxc1 Bd7 12. f3 Kg7 13. Qd2 Nc5 14. Nf1 Qe7 15. Qg5 Rhe8 16. Ne3 Nh7 17. Qg3 Qf6 18. Nb5 Bxb5 19. cxb5 Qf4 20. Nf5+ Kf6 21. Qxf4 exf4 22. Nd4 b6 23. Kd2 Kg7 24. b3 Nf6 25. Rc2 Nfd7 26. a3 Ne5 27. b4 axb4 28. axb4 Ra4 29. Rb2 Re7 30. Rc1 Nb7 31. Bd1 Ra3 32. Be2 Ra4 33. Bd1 Ra3 34. Bc2 Nd8 35. Ne2 Nc4+ 36. Ke1 Nxb2 37. Nxf4 f5 38. Kf2 fxe4 39. Bxe4 Ra2 40. Kg3 Na4 41. Bb1 Rb2 42. Be4 Rxb4 43. Ne6+ Nxe6 44. dxe6 Nc5 45. Bd5 Kf6 46. Re1 Rxb5 47. Ra1 Rb4 48. Ra8 Nxe6 49. Be4 Nc5 50. Rg8 Nxe4+ 51. fxe4 Rexe4 52. Rf8+ Ke7 53. Rf3 Rg4+ 54. Kf2 Rbf4 55. g3 Rxf3+ 56. Kxf3 Rd4 0-1


[Site "https://www.chess.com"]

[Event "Titled Tuesday Blitz February 15 Late 2022"]
[White "Stankovic, Ivan G"]
[Black "Rangel, Daniel"]
[WhiteFideId "902837"]
[BlackFideId "2124475"]
[WhiteElo "2195"]
[BlackElo "2187"]
[Result "1-0"]
[Round "07"]
[TimeControl "180+1"]
[Date "2022.02.16"]
[WhiteClock "0:02:11"]
[BlackClock "0:00:10"]

1. e4 c5 2. c4 g6 3. Nc3 Bg7 4. g3 Nc6 5. Bg2 d6 6. d3 Nf6 7. Nge2 O-O 8. O-O Ne8 9. Be3 Nd4 10. Rb1 a5 11. a3 Bd7 12. b4 axb4 13. axb4 b6 14. bxc5 bxc5 15. Nb5 Nxb5 16. cxb5 Rb8 17. d4 cxd4 18. Nxd4 Bxd4 19. Qxd4 Rxb5 20. Bh6 Rxb1 21. Rxb1 e5 22. Qd2 Ng7 23. Qxd6 Re8 24. Rd1 Re7 25. Bg5 1-0


[Site "https://www.chess.com"]

[Event "Titled Tuesday Blitz February 15 Late 2022"]
[White "Stoleriu, George"]
[Black "Dronavalli, Harika"]
[WhiteFideId "1227505"]
[BlackFideId "5015197"]
[WhiteElo "2203"]
[BlackElo "2382"]
[Result "0-1"]
[Round "07"]
[TimeControl "180+1"]
[Date "2022.02.15"]
[WhiteClock "0:00:03"]
[BlackClock "0:00:19"]

1. e4 c5 2. Nf3 Nc6 3. Bb5 g6 4. Bxc6 bxc6 5. d4 Bg7 6. dxc5 Qa5+ 7. Nbd2 Qxc5 8. Rb1 Nf6 9. b4 Qb6 10. c4 O-O 11. O-O d6 12. Qc2 Qc7 13. Bb2 a5 14. a3 axb4 15. axb4 Be6 16. Nd4 Bd7 17. N4b3 Rfb8 18. Bc3 Be6 19. Nd4 Bd7 20. N4b3 Ng4 21. Bxg7 Kxg7 22. Qc3+ Kg8 23. h3 Nf6 24. Ra1 Rxa1 25. Rxa1 Qb6 26. Ra4 c5 27. b5 Qb7 28. f3 Qc8 29. Kh2 h5 30. h4 Qd8 31. Qa5 Qf8 32. Nf1 Qh6 33. Qd2 Qg7 34. Ra7 Be6 35. Ne3 Nd7 36. Nd5 Bxd5 37. Qxd5 Nb6 38. Qd3 Qe5+ 39. g3 Ra8 40. Rxa8+ Nxa8 41. Na5 Nb6 42. f4 Qb2+ 43. Kh3 Qa1 44. g4 Qxa5 45. gxh5 Qe1 46. hxg6 Qh1+ 47. Kg3 Qg1+ 48. Kh3 fxg6 49. e5 Qh1+ 50. Kg3 Qg1+ 51. Kh3 Kg7 52. exd6 exd6 53. Qxd6 Qe3+ 54. Kg4 Qe2+ 55. Kg3 Nxc4 56. Qc7+ Kh6 57. Qxc5 Qd3+ 58. Kg4 Ne3+ 59. Kf3 Nf5+ 60. Kf2 Qg3+ 61. Ke2 Qg2+ 62. Kd3 Qf3+ 63. Kc2 Qe2+ 64. Kb3 Qd3+ 65. Kb4 Qd2+ 66. Ka4 Qa2+ 67. Kb4 Qb2+ 68. Ka4 Nd4 69. Qf8+ Kh5 70. Qh8+ Kg4 71. Qc8+ Kf3 72. b6 Qxb6 73. Qa8+ Kxf4 74. Qf8+ Kg4 75. Qf7 Kxh4 76. Qe7+ Kg4 77. Qd7+ Nf5 78. Qd1+ Kg5 79. Qd2+ Kf6 80. Qc3+ Qd4+ 81. Qxd4+ Nxd4 82. Kb4 Ke5 83. Kc4 Ke4 0-1


[Site "https://www.chess.com"]

[Event "Titled Tuesday Blitz February 15 Late 2022"]
[White "Tanenbaum, Zachary"]
[Black "Abdyzhapar, Asylbek"]
[WhiteFideId "2060850"]
[BlackFideId "13800337"]
[WhiteElo "2168"]
[BlackElo "2331"]
[Result "1-0"]
[Round "07"]
[TimeControl "180+1"]
[Date "2022.02.16"]
[WhiteClock "0:00:08"]
[BlackClock "0:01:09"]

1. e4 e5 2. Nf3 Nc6 3. Bc4 Nf6 4. d3 Bc5 5. c3 d6 6. Nbd2 O-O 7. a4 a6 8. Nf1 Kh8 9. Ng3 Ng8 10. Ng5 Nh6 11. O-O f6 12. Ne6 Bxe6 13. Bxe6 Ng8 14. Qg4 g6 15. h4 Qe7 16. Bd5 Nd8 17. h5 Qg7 18. Qh3 c6 19. Bb3 gxh5 20. Nxh5 Qg6 21. Ng3 Ne7 22. Be3 Nf7 23. Bxc5 dxc5 24. f4 exf4 25. Rxf4 Ne5 26. Nh5 Rad8 27. Bc2 Qg5 28. Raf1 N7g6 29. Rf5 Qg4 30. Rxf6 Rxf6 31. Rxf6 Qxh3 32. gxh3 Nxd3 33. Rf7 Nde5 34. Rxb7 Rd2 35. Rb8+ Nf8 36. Rxf8# 1-0


[Site "https://www.chess.com"]

[Event "Titled Tuesday Blitz February 15 Late 2022"]
[White "Tang, Andrew"]
[Black "Rasulov, Vugar"]
[WhiteFideId "2059630"]
[BlackFideId "13402390"]
[WhiteElo "2584"]
[BlackElo "2560"]
[Result "1-0"]
[Round "07"]
[TimeControl "180+1"]
[Date "2022.02.15"]
[WhiteClock "0:00:08"]
[BlackClock "0:00:05"]

1. d4 Nf6 2. c4 g6 3. f3 c5 4. d5 Bg7 5. e4 O-O 6. Nc3 e6 7. Nge2 exd5 8. cxd5 d6 9. Ng3 a6 10. a4 h5 11. Bg5 Qa5 12. Qd2 b5 13. Be2 b4 14. Nd1 Nbd7 15. Ne3 Nh7 16. Be7 Re8 17. Nc4 Qc7 18. Bxd6 Qd8 19. Nf1 Bd4 20. Nfe3 Qf6 21. Bg3 h4 22. Bf2 h3 23. O-O hxg2 24. Kxg2 Ne5 25. Nxe5 Rxe5 26. Bg3 Ng5 27. Ng4 Bxg4 28. fxg4 Qh8 29. h4 Nxe4 30. Bxe5 Bxe5 31. Qe3 Nd6 32. h5 Re8 33. Rad1 Bxb2 34. Qf3 Be5 35. Bxa6 c4 36. Bxc4 Rc8 37. Bd3 b3 38. Rh1 g5 39. Qe3 Bf4 40. Qf2 Qc3 41. Rhe1 b2 42. Bb1 Nc4 43. Qf3 Qf6 44. Qd3 Ne5 45. Qh7+ Kf8 46. Qf5 Qxf5 47. Bxf5 Rb8 48. h6 Nc4 49. Kf3 Nd6 50. Bb1 Nc4 51. h7 Kg7 52. Rh1 Ne5+ 53. Kg2 Kh8 54. Bf5 Nc4 55. Rb1 Ne3+ 56. Kf3 Nxd5 57. Rhe1 Nc3 58. Rxb2 Rd8 59. Rb4 Kg7 60. Rc4 Nd5 61. Rh1 Kh8 62. Rd4 Be5 63. Rd3 Bf6 64. Rhd1 Re8 65. Rxd5 Kg7 66. Rd7 Rb8 67. R7d3 Rb4 68. Ra3 Rf4+ 69. Kg2 Rc4 70. Ra2 Rb4 71. a5 Rb7 72. a6 Ra7 73. Rd7 Kh8 74. Rxa7 1-0


[Site "https://www.chess.com"]

[Event "Titled Tuesday Blitz February 15 Late 2022"]
[White "Tari, Aryan"]
[Black "Hambleton, Aman"]
[WhiteFideId "1510045"]
[BlackFideId "2606577"]
[WhiteElo "2567"]
[BlackElo "2552"]
[Result "0-1"]
[Round "07"]
[TimeControl "180+1"]
[Date "2022.02.15"]
[WhiteClock "0:00:01"]
[BlackClock "0:00:04"]

1. c4 c5 2. g3 e6 3. Bg2 d5 4. cxd5 exd5 5. Nf3 d4 6. O-O Nc6 7. d3 Nf6 8. Na3 Be7 9. Bg5 h6 10. Bxf6 Bxf6 11. Rc1 Be7 12. Nd2 Bd7 13. Ne4 b6 14. Nc4 O-O 15. a3 Rb8 16. a4 Nb4 17. Na3 Bc6 18. Nd2 Bxg2 19. Kxg2 Re8 20. Nf3 Bf8 21. Re1 Qd7 22. Qb3 Re6 23. Nc2 Nc6 24. Qb5 Rbe8 25. Kf1 Qd5 26. Qc4 Qf5 27. Ng1 Rf6 28. f3 Ne5 29. Qd5 Rd6 30. Qe4 Qd7 31. Qh4 Qxa4 32. f4 Ng6 33. Qg4 Qd7 34. Qh5 Rd5 35. Qf3 Ne7 36. g4 h5 37. h3 g6 38. Rcd1 Rd6 39. Qg3 hxg4 40. hxg4 Nd5 41. Nf3 Rf6 42. g5 Rxf4 43. e4 dxe3 44. Nxe3 Rxe3 0-1


[Site "https://www.chess.com"]

[Event "Titled Tuesday Blitz February 15 Late 2022"]
[White "Timofeev, Artyom"]
[Black "Aradhya, Garg"]
[WhiteFideId "4140419"]
[BlackFideId "25006746"]
[WhiteElo "2583"]
[BlackElo "2169"]
[Result "1-0"]
[Round "07"]
[TimeControl "180+1"]
[Date "2022.02.15"]
[WhiteClock "0:01:08"]
[BlackClock "0:01:10"]

1. d4 d5 2. c4 c6 3. Nf3 Nf6 4. Nc3 dxc4 5. a4 Bf5 6. Nh4 e6 7. Nxf5 exf5 8. Bg5 Bb4 9. e3 b5 10. axb5 cxb5 11. Qf3 Qd5 12. Bxf6 Qxf3 13. gxf3 gxf6 14. f4 a5 15. Bh3 Nc6 16. Bxf5 Ne7 17. Be4 O-O-O 18. Ke2 f5 19. Bf3 Bxc3 20. bxc3 Nd5 21. Bxd5 Rxd5 22. Rxa5 Kd7 23. Ra7+ Ke6 24. Rha1 Rhd8 25. h4 R8d7 26. Kd2 Kf6 27. f3 Kg6 28. e4 fxe4 29. fxe4 Rxa7 30. Rxa7 Rh5 31. f5+ Kf6 32. Ra6+ Ke7 33. f6+ Kd7 34. Ra7+ Ke6 35. e5 Rxh4 36. Re7+ Kd5 37. Rxf7 Ke4 38. Rg7 Rh2+ 39. Ke1 Rh3 40. f7 Rf3 41. e6 Kd3 42. e7 Re3+ 43. Kf1 Rxe7 44. f8=Q Rxg7 45. Qxg7 Kxc3 46. d5+ Kb3 47. d6 c3 48. d7 c2 49. Qa1 c1=Q+ 50. Qxc1 Ka2 51. d8=Q b4 52. Qdd2+ Kb3 53. Qcb2+ Kc4 54. Qbxb4# 1-0


[Site "https://www.chess.com"]

[Event "Titled Tuesday Blitz February 15 Late 2022"]
[White "Todorovic, Bojan"]
[Black "Levine, David"]
[WhiteFideId "917087"]
[BlackFideId "2011611"]
[WhiteElo "2266"]
[BlackElo "2151"]
[Result "1-0"]
[Round "07"]
[TimeControl "180+1"]
[Date "2022.02.16"]
[WhiteClock "0:01:16"]
[BlackClock "0:01:00"]

1. Nf3 Nf6 2. b3 g6 3. Bb2 Bg7 4. c4 O-O 5. g3 d6 6. Bg2 e5 7. O-O Nc6 8. d4 e4 9. Ne1 Re8 10. Nc2 h5 11. Nc3 Bf5 12. Ne3 Qd7 13. Nxf5 gxf5 14. e3 h4 15. Ne2 hxg3 16. hxg3 Qd8 17. Nf4 Ne7 18. Bh3 Bh6 19. Nh5 Nh7 20. d5 c6 21. Kg2 cxd5 22. Qd4 Ng6 23. Nf4 Ne5 24. Bxf5 dxc4 25. Rh1 Qf6 26. Bxh7+ Kxh7 27. Qxe4+ Kg7 28. Nh5+ 1-0


[Site "https://www.chess.com"]

[Event "Titled Tuesday Blitz February 15 Late 2022"]
[White "Toncheva, Nadya"]
[Black "Villegas, Pierre"]
[WhiteFideId "2924056"]
[BlackFideId "654183"]
[WhiteElo "1920"]
[BlackElo "2410"]
[Result "1-0"]
[Round "07"]
[TimeControl "180+1"]
[Date "2022.02.16"]
[WhiteClock "0:00:31"]
[BlackClock "0:00:13"]

1. e4 c6 2. d4 d5 3. Nc3 b5 4. a3 a6 5. Nf3 Bg4 6. h3 Bxf3 7. Qxf3 e6 8. Bd3 Nf6 9. O-O Be7 10. Bf4 O-O 11. Rad1 Qa5 12. e5 Nfd7 13. Ne2 c5 14. dxc5 b4 15. Ng3 Nc6 16. Rfe1 bxa3 17. bxa3 g6 18. c4 Qxc5 19. cxd5 exd5 20. Rc1 Nd4 21. Qg4 Qa7 22. Be3 Nxe5 23. Bxd4 Nxg4 24. Bxa7 Rxa7 25. hxg4 Bxa3 26. Ra1 Bb4 27. Reb1 Bc3 28. Rxa6 Rxa6 29. Bxa6 f5 30. gxf5 gxf5 31. Bd3 f4 32. Ne2 Be5 33. Rb5 Rd8 34. Rxd5 Rxd5 35. Bc4 Kg7 36. Bxd5 Kf6 37. Kf1 h5 38. Ng1 Bd4 39. Ke2 Bb6 40. Kf3 Bc7 41. Nh3 Kf5 42. Bf7 h4 43. Be8 Bd6 44. Bd7+ Kf6 45. Nxf4 Kg5 46. Nh3+ Kh6 47. Kg4 Be7 48. f4 1-0


[Site "https://www.chess.com"]

[Event "Titled Tuesday Blitz February 15 Late 2022"]
[White "Urbina Quiroz, Edwin"]
[Black "Sliwicki, Damian"]
[WhiteFideId "6500650"]
[BlackFideId "1127128"]
[WhiteElo "2130"]
[BlackElo "2084"]
[Result "0-1"]
[Round "07"]
[TimeControl "180+1"]
[Date "2022.02.16"]
[WhiteClock "0:00:01"]
[BlackClock "0:01:40"]

1. e4 c5 2. Nf3 g6 3. d4 cxd4 4. Nxd4 Nc6 5. Nc3 Bg7 6. Be3 Nf6 7. Bc4 O-O 8. Bb3 Ng4 9. Qxg4 Nxd4 10. Qd1 Nc6 11. Qd2 d6 12. h4 Qa5 13. h5 Be6 14. hxg6 hxg6 15. Bh6 Bxb3 16. Bxg7 Kxg7 17. Qh6+ Kf6 18. Qf4+ Kg7 19. Qh6+ Kf6 20. cxb3 Rh8 21. Qxh8+ Rxh8 22. Rxh8 Qg5 23. g3 Nd4 24. Rd1 Kg7 25. Rh1 Nf3+ 26. Kf1 Qg4 27. Kg2 Ng5 28. Rd3 Nxe4 29. Nxe4 Qxe4+ 30. Rf3 g5 31. g4 Qxg4+ 32. Rg3 Qe4+ 33. f3 Qe2+ 34. Kh3 f6 35. Rh2 Qf1+ 36. Kg4 Kg6 37. Rgh3 Qg1+ 0-1


[Site "https://www.chess.com"]

[Event "Titled Tuesday Blitz February 15 Late 2022"]
[White "Vargas Pereda, Jesus Manue"]
[Black "Ardila, Oscar Humberto"]
[WhiteFideId "5115710"]
[BlackFideId "4404742"]
[WhiteElo "1765"]
[BlackElo "1898"]
[Result "1-0"]
[Round "07"]
[TimeControl "180+1"]
[Date "2022.02.16"]
[WhiteClock "0:00:30"]
[BlackClock "0:00:03"]

1. d4 Nf6 2. Bf4 e6 3. Nf3 Be7 4. e3 O-O 5. Bd3 d6 6. Nbd2 Nbd7 7. O-O b6 8. e4 Bb7 9. c3 c5 10. e5 dxe5 11. dxe5 Nd5 12. Bg3 Re8 13. Ne4 Nf8 14. Qe2 Ng6 15. Rad1 Qc7 16. Qd2 Rad8 17. Qc1 Rd7 18. Nfg5 Red8 19. f4 c4 20. Bc2 Bc5+ 21. Nxc5 Qxc5+ 22. Bf2 Qc7 23. Bd4 a6 24. Rde1 b5 25. f5 exf5 26. Bxf5 Re7 27. e6 f6 28. Nxh7 Kxh7 29. Qd1 Nf4 30. Qg4 Qc6 31. Rxf4 Qxg2+ 32. Qxg2 Bxg2 33. Rg4 Bh3 34. Bxg6+ Kg8 35. Bf7+ Kf8 36. Rh4 Rxf7 37. exf7 Kxf7 38. Rxh3 g5 39. Rhe3 Kg6 40. Re6 Kf5 41. Rxf6+ Kg4 42. Re3 a5 43. Rg3+ Kh4 44. Rh6# 1-0


[Site "https://www.chess.com"]

[Event "Titled Tuesday Blitz February 15 Late 2022"]
[White "Vidit, Santosh Gujrathi"]
[Black "Holt, Conrad"]
[WhiteFideId "5029465"]
[BlackFideId "2034387"]
[WhiteElo "2654"]
[BlackElo "2586"]
[Result "0-1"]
[Round "07"]
[TimeControl "180+1"]
[Date "2022.02.15"]
[WhiteClock "0:00:05"]
[BlackClock "0:00:05"]

1. Nf3 d5 2. g3 Bg4 3. Bg2 Nd7 4. O-O e6 5. d3 Bd6 6. h3 Bh5 7. Qe1 Ne7 8. e4 O-O 9. Nc3 c6 10. Bd2 Re8 11. Nh2 d4 12. Ne2 e5 13. f4 f6 14. h4 c5 15. b3 b5 16. a4 c4 17. g4 Bf7 18. bxc4 bxc4 19. g5 c3 20. Bc1 Ng6 21. f5 Ne7 22. Ng3 Nc6 23. Qe2 Kh8 24. Qg4 Ne7 25. Nf3 Rb8 26. h5 fxg5 27. Nxg5 Rf8 28. h6 gxh6 29. Nxf7+ Rxf7 30. Bxh6 Ng8 31. Bc1 Rg7 32. Qh3 Ndf6 33. Bf3 Rbb7 34. Kf2 Be7 35. Rh1 a5 36. Nf1 Nd7 37. Ng3 Ndf6 38. Ke2 Qf8 39. Rh2 Bd6 40. Nh1 Rg1 41. Bh6 Rxa1 42. Bxf8 Bxf8 43. Qg3 Rbb1 44. Qxe5 Rc1 45. Kf2 Rxc2+ 46. Kg3 Rg1+ 47. Kh3 Rxh2+ 48. Qxh2 Re1 49. Qc2 Re3 50. Kg2 Nd7 51. Ng3 Ne5 52. Be2 Nf6 53. Nf1 Nfg4 54. Qd1 h5 55. Kg1 Bh6 56. Nxe3 Bxe3+ 57. Kf1 Bf4 58. Qb3 c2 59. Qb8+ Kg7 60. Qc7+ Kh6 61. Qd6+ Kg5 62. Qe7+ Kh6 63. Qe6+ Kg7 64. Qe7+ Nf7 65. f6+ Nxf6 66. Bxh5 c1=Q+ 67. Kg2 Nxh5 0-1


[Site "https://www.chess.com"]

[Event "Titled Tuesday Blitz February 15 Late 2022"]
[White "Vovk, Orest"]
[Black "Namitbir Singh Walia"]
[WhiteFideId "14113490"]
[BlackFideId "35071068"]
[WhiteElo "2203"]
[BlackElo "1479"]
[Result "1-0"]
[Round "07"]
[TimeControl "180+1"]
[Date "2022.02.16"]
[WhiteClock "0:00:03"]
[BlackClock "0:00:04"]

1. h4 d5 2. h5 e5 3. h6 Nxh6 4. d4 Nc6 5. Bxh6 gxh6 6. dxe5 Nxe5 7. Nf3 Nxf3+ 8. gxf3 Be6 9. Nc3 Bg7 10. Qd3 Qd6 11. O-O-O O-O-O 12. e3 Kb8 13. Bh3 d4 14. exd4 Bxd4 15. Bxe6 Qxe6 16. Qe4 Bxf2 17. Qxe6 fxe6 18. Rxd8+ Rxd8 19. Ne4 Be3+ 20. Kb1 c6 21. c3 e5 22. Kc2 Kc7 23. Rh5 Bf4 24. Rf5 Rd7 25. b4 b6 26. a4 Rg7 27. Kb3 Kd7 28. b5 cxb5 29. axb5 Ke6 30. Rf6+ Kd7 31. Rd6+ Kc7 32. Rc6+ Kb8 33. Nf6 Rc7 34. Re6 Kb7 35. c4 Rf7 36. Ne4 h5 37. Nd6+ Kc7 38. Nxf7 Kd7 39. Rc6 h4 40. Nh6 h3 41. Ng4 h5 42. Nf2 h2 43. Nh1 h4 44. c5 bxc5 45. Rxc5 Kd6 46. Kc4 Be3 47. Rc6+ Kd7 48. Rg6 Bg1 49. Kd5 Bd4 50. Rg7+ Kc8 51. Rg4 Kb7 52. Rxh4 Bg1 53. Rh5 Kb6 54. Kc4 a6 55. Rh6+ 1-0


[Site "https://www.chess.com"]